 Seeded DCSS version 0.30.1-9-gdf580d7c3d (webtiles) character file.

Game seed: 10300274319739407394 (custom seed)

404 Psyclone the Conjurer (level 6, -3/30 (32) HPs)
             Began as a Deep Elf Conjurer on Oct 1, 2023.
             Slain by a wight
             ... wielding a +0 scimitar
              (4 damage)
             ... on level 3 of the Dungeon.
             The game lasted 00:03:51 (2491 turns).

Psyclone the Conjurer (Deep Elf Conjurer)           Turns: 2491, Time: 00:03:52

HP:   -3/30 (32)    AC:  2    Str:  4    XL:     6   Next: 56%
MP:   12/16         EV: 12    Int: 25    God:
Gold: 41            SH:  0    Dex: 13    Spells: 10/16 levels left

rFire   . . .        k - +4 dagger
rCold   . . .        (no shield)
rNeg    . . .        a - +0 robe
rPois   .            (no helmet)
rElec   .            (no cloak)
rCorr   .            (no gloves)
SInv    .            (no boots)
Will    .....        (no amulet)
Stlth   ++           (no ring)
HPRegen 0.25/turn    (no ring)
MPRegen 0.15/turn

%: no passive effects
@: drained
A: no striking features
a: no special abilities


You were on level 3 of the Dungeon.
You visited 1 branch of the dungeon, and saw 4 of its levels.

You collected 41 gold pieces.

Inventory:

Hand Weapons
 f - a +0 dagger
 k - a +4 dagger (weapon)
Armour
 a - a +0 robe (worn)
Scrolls
 h - 2 scrolls of enchant armour {unknown}
 j - 2 scrolls of blinking {unknown}
Potions
 b - a potion of magic
 c - 2 potions of heal wounds {unknown}
 d - a potion of curing {unknown}
 e - a potion of attraction {unknown}
 g - a potion of mutation {unknown}
 i - a potion of invisibility {unknown}


   Skills:
 - Level 2.4 Dodging
 - Level 2.4 Stealth
 + Level 5.9 Spellcasting
 * Level 7.6 Conjurations


You had 10 spell levels left.
You knew the following spells:

 Your Spells              Type           Power      Damage    Failure   Level
a - Magic Dart            Conj           100%       1d8       1%          1
b - Searing Ray           Conj           90%        2d7       1%          2
c - Dazzling Flash        Conj/Hex       52%        N/A       4%          3

Your spell library contained the following spells:

 Spells                   Type           Power      Damage    Failure   Level
 Fulminant Prism          Conj/Hex       13%        3d8       16%         4
 Iskenderun's Mystic Bla  Conj/Tloc      26%        2d7       16%         4
 Ozocubu's Armour         Ice            7%         N/A       22%         3
 Ozocubu's Refrigeration  Ice            3%         4d8       100%        7


Dungeon Overview and Level Annotations

Branches:
Dungeon (4/15) Zot: 21506
 Temple: D:4-7

Altars:
Cheibriados
Xom

Shops:
D:1 :


Message History

Casting: Magic Dart (safe; 1% risk of failure)
Confirm with . or Enter, or press ? or * to list all spells.
You don't have enough magic to cast this spell.
Unknown command.
Found a cloak.
Found 10 gold pieces.
A frilled lizard comes into view.
Found a ruby potion.
The frilled lizard hisses angrily.
There is a stone staircase leading up here.
You climb upwards.
There is a stone staircase leading down here.
You start resting.
Magic restored.
MP restored: 16 You climb downwards.
The frilled lizard bites you. The wight hits you with a +0 scimitar!
You feel drained.
There is a stone staircase leading up here.
You take 20 damage, and have 12/30 hp.
MASSIVE DAMAGE!!
Casting: Magic Dart (safe; 1% risk of failure)
Confirm with . or Enter, or press ? or * to list all spells.
Aiming: Searing Ray (safe; 1% risk of failure)
Press: ? - help, Shift-Dir - straight line, f - frilled lizard
Aim: a frilled lizard (70% to hit)
The searing ray hits the frilled lizard!
You kill the frilled lizard! (Press . to maintain the ray.)
The wight hits you with a +0 scimitar!
* * * LOW HITPOINT WARNING * * *
You take 11 damage, and have 1/30 hp.
MASSIVE DAMAGE!!
You now have 14/16 mp.
Casting: Searing Ray (safe; 1% risk of failure)
Confirm with . or Enter, or press ? or * to list all spells.
Restarting spell: Searing Ray (safe; 1% risk of failure)
Press: ? - help, Shift-Dir - straight line, f - wight
Aim: a wight, wielding a +0 scimitar and wearing a +0 robe (82% to hit)
The searing ray hits the wight.
The wight is lightly damaged. (Press . to maintain the ray.)
The wight hits you with a +0 scimitar.
You die...

#########....#####
## #).#.....# ..#
#...###.# . ...###
#)#.#... #. ..!..#
#)#.#.## .. .....##
#)#....# .#
#.$.#####...##.#.>##
#..†..#...####.#....
#@z...#.####....#
####.##.........##
[...##.†...##....
###......z....###
.......##..#####
..#...###..##
...........##
..##.....#...## .
####......)##


You could see a wight.

Vanquished Creatures
  A scorpion (D:4)
  4 wights (D:3)
  An orc priest (D:3)
  Terence (D:3)
  A gnoll (D:1)
  2 adders (D:2)
  A worm (D:2)
  8 orcs
  9 bats
  2 endoplasms
  2 giant cockroaches
  A goblin (D:1)
  3 hobgoblins
  6 jackals
  2 kobolds
  A quokka (D:1)
  3 ball pythons
  A frilled lizard (D:3)
  8 rats
57 creatures vanquished.

Notes
Turn   | Place    | Note
-------+----------+-------------------------------------------
     0 | D:1      | Psyclone the Deep Elf Conjurer began the quest for the Orb.
     0 | D:1      | Reached XP level 1. HP: 10/10 MP: 6/6
   250 | D:1      | Reached XP level 2. HP: 7/15 MP: 2/8
   435 | D:1      | Found a faded altar of an unknown god.
   490 | D:1      | Reached skill level 5 in Conjurations
   611 | D:1      | Found Opnic's Book Shoppe.
   788 | D:1      | Reached XP level 3. HP: 18/19 MP: 7/10
  1079 | D:2      | Found a snail-covered altar of Cheibriados.
  1461 | D:2      | Learned a level 2 spell: Searing Ray
  1465 | D:2      | Learned a level 3 spell: Dazzling Flash
  1742 | D:2      | You fall into a shaft and drop 2 floors!
  1868 | D:4      | Noticed a scorpion
  1876 | D:4      | Killed a scorpion
  1877 | D:4      | Reached skill level 6 in Conjurations
  1877 | D:4      | Reached XP level 4. HP: 18/24 MP: 2/12
  2022 | D:3      | Reached XP level 5. HP: 28/28 MP: 2/14
  2133 | D:3      | Found a shimmering altar of Xom.
  2215 | D:3      | Noticed Terence
  2228 | D:3      | Reached skill level 5 in Spellcasting
  2232 | D:3      | Killed Terence
  2353 | D:3      | Reached skill level 7 in Conjurations
  2353 | D:3      | Reached XP level 6. HP: 32/32 MP: 7/16
  2490 | D:3      | HP: 1/30 [wight/+0 scimitar (11)]
  2491 | D:3      | Slain by a wight

Illustrated notes

Levels and vault maps discovered:
D:1:      dpeg_arrival_castle, layout_basic, basic_ecumenical_altar,
          serial_shops, shop_statue, kennysheep_crisscross
D:2:      layout_loops_corners, basic_altar, minmay_snake_closets, uniq_robin
D:3:      layout_rooms, xom_confusion_cloud, serial_corexii_hall,
          corexii_hall_statues_s, corexii_hall_statues_l,
          gammafunk_ghost_nasty_kobolds, minmay_misc_feat_plants, uniq_terence
D:4:      layout_loops_ring, grunt_gozag_breadcrumbs,
          mainiacjoe_overflow_boulevard, mainiacjoe_overflow_paths,
          mainiacjoe_overflow_six_doors_small, serial_shops, shop, st_stairs_11

Skill      XL: |  1  2  3  4  5 |
---------------+----------------+-----
Conjurations   | 5 6 7 |  7.6
Spellcasting   | 4 5 |  5.9
Dodging        | |  2.4
Stealth        | |  2.4

Action                     |  1- 3 |  4- 6 || total
---------------------------+-------+-------++-------
  Melee: Dagger            |       |     3 ||     3
   Cast: Magic Dart        |    74 |    33 ||   107
         Searing Ray       |     1 |     9 ||    10
 Armour: Robe              |     1 |       ||     1
  Dodge: Dodged            |    13 |     6 ||    19
